 Dungeon Crawl Stone Soup version 0.26-a0-301-g59b798a (webtiles) character file.

Game seed: 5426914014328386351

4469 DrKleor the Covert (level 10, -1/60 HPs)
             Began as an Octopode Brigand on July 14, 2020.
             Was a Priest of Dithmenos.
             Slain by a hippogriff (11 damage)
             ... on level 10 of the Dungeon.
             The game lasted 00:22:35 (9059 turns).

DrKleor the Covert (Octopode Brigand)               Turns: 9059, Time: 00:22:36

Health: -1/60      AC:  1    Str: 11    XL:     10   Next: 37%
Magic:  14/14      EV: 12    Int: 19    God:    Dithmenos [***...]
Gold:   394        SH:  0    Dex: 17    Spells: 9/9 levels left

rFire    x . .     SeeInvis .   I - +1 short sword (elec)
rCold    + . .     Faith    .   (no shield)
rNeg     . . .     Spirit   .   (helmet restricted)
rPois    .         Reflect  .   B - amulet of regeneration
rElec    .         Harm     .   m - +6 ring of intelligence
rCorr    +                      y - ring of resist corrosion
MR       .....                  s - ring of flight
Stlth    ++++++++..             C - ring of ice
HPRegen  0.60/turn              (no ring)
MPRegen  0.14/turn              (no ring)
                                (no ring)
                                (no ring)

@: wreathed by umbra, drained
A: almost no armour, stealthy swim, amphibious, 8 rings, constrict 8, camouflage
1, gelatinous body 1
a: Shadow Step, Renounce Religion, Evoke Flight


You were on level 10 of the Dungeon.
You worshipped Dithmenos.
Dithmenos was most pleased with you.
You visited 2 branches of the dungeon, and saw 11 of its levels.

You collected 576 gold pieces.
You spent 182 gold pieces at shops.

Inventory:

Hand Weapons
 a - a +2 dagger
 I - a +1 short sword of electrocution (weapon)
Missiles
 b - 48 poisoned darts (quivered)
 c - a curare-tipped dart
 H - a throwing net
Jewellery
 m - a +6 ring of intelligence (left tentacle)
 s - a ring of flight (on tentacle)
 y - a ring of resist corrosion (right tentacle)
 B - an amulet of regeneration (around mantle)
 C - a ring of ice (on tentacle)
Wands
 z - a wand of flame (14)
 F - a wand of disintegration (16)
Scrolls
 d - 5 scrolls of enchant weapon {unknown}
 e - 12 scrolls of teleportation {unknown}
 f - 15 scrolls of identify {unknown}
 i - 2 scrolls of fog {unknown}
 j - 13 scrolls of remove curse {unknown}
 p - 3 scrolls of amnesia {unknown}
 r - 3 scrolls of immolation {unknown}
 u - 4 scrolls of noise {unknown}
 v - 2 scrolls of blinking {unknown}
 x - 2 scrolls of enchant armour {unknown}
 D - 2 scrolls of random uselessness {unknown}
 E - a scroll of magic mapping {unknown}
Potions
 g - 2 potions of berserk rage {unknown}
 h - 2 potions of invisibility {unknown}
 k - 2 potions of haste {unknown}
 l - a potion of heal wounds
 n - a potion of resistance {unknown}
 o - a potion of flight {unknown}
 q - 2 potions of degeneration {unknown}
 t - a potion of mutation {unknown}
 w - a potion of ambrosia {unknown}
 A - 2 potions of lignification {unknown}
 G - a potion of stabbing {unknown}
 J - a potion of curing


   Skills:
 - Level 2.0(1.1) Fighting
 + Level 8.9(7.9) Short Blades
 - Level 6.6(5.7) Throwing
 - Level 1.0(0.1) Dodging
 + Level 12.8(11.7) Stealth
 + Level 6.1(5.1) Invocations


You had 9 spell levels left.
You didn't know any spells.
Your spell library was empty.

Dungeon Overview and Level Annotations

Branches:
Dungeon (10/15)            Temple (1/1) D:5             Orc (0/2) D:10
   Lair: D:8-11

Altars:
Ashenzari
Cheibriados
Dithmenos
Fedhas
Gozag
Hepliaklqana
Makhleb
Nemelex Xobeh
Okawaru
Qazlal
Ru
Sif Muna
Trog
Vehumet
Wu Jian
Xom
Yredelemnul
The Shining One

Shops:
D:4 !   D:9 *

Annotations:
D:3 3 runed translucent doors, brknglss's ghost, amateur DECj
D:8 Joseph


Innate Abilities, Weirdness & Mutations

You cannot wear most types of armour.
You are very stealthy in the water. (Stealth+)
You are amphibious.
You can wear up to eight rings at the same time.
You can use your tentacles to constrict eight enemies at once.
Your skin changes colour to match your surroundings (Stealth+).
Your rubbery body absorbs attacks. (AC +1, EV +1)


Message History

You hit the hippogriff. You squeeze the hippogriff.
The hippogriff is heavily wounded.
The hippogriff bites you. The hippogriff pecks you. The hippogriff claws you.
You hit the hippogriff.
The hippogriff is severely wounded.
The hippogriff bites you! The hippogriff pecks you!
* * * LOW HITPOINT WARNING * * *
The hippogriff closely misses you.
You hit the hippogriff but do no damage.
The hippogriff is severely wounded.
You barely miss the hippogriff. You squeeze the hippogriff.
The hippogriff is severely wounded.
The hippogriff bites you.
* * * LOW HITPOINT WARNING * * *
The hippogriff closely misses you. The hippogriff claws you.
* * * LOW HITPOINT WARNING * * *
You hit the hippogriff. Your squeeze misses the hippogriff.
The hippogriff is almost dead.
The hippogriff bites you!
You die...

#.. ... .# ..# .# #.##.#
##....# #.....######## .....
##.........?... .....
..###.H@........... #
....##....(.##...........
.###........(.. #...........
..##........)..##...........
.†##................).......
...#...................####.
.................).##..##
......
.......##...............#
......
#####...##.#.......#...##.
.....z


You could see a hippogriff (very poisoned).

Vanquished Creatures
  Pikel (D:5)
  A troll (D:10)
  A hippogriff (D:10)
  A wraith (D:9)
  A wyvern (D:8)
  A steam dragon (D:10)
  A water moccasin (D:9)
  3 orc warriors
  An ice beast (D:8)
  A sky beast (D:5)
  An eye of draining (D:10)
  2 phantoms
  2 ogres
  A centaur (D:7)
  2 lemures (D:5)
  7 bullfrogs
  A scorpion (D:10)
  A water moccasin skeleton (D:7)
  6 killer bees
  3 wights (D:10)
  4 howler monkeys
  A bullfrog zombie (D:10)
  5 hounds
  4 orc wizards
  A centaur skeleton (D:7)
  3 orc priests
  A jelly (D:9)
  5 iguanas
  6 worker ants
  A hound skeleton (D:4)
  2 worker ant zombies
  4 gnolls
  A howler monkey skeleton (D:7)
  11 adders
  4 shadow imps
  A white imp (D:9)
  5 ufetubi
  2 oozes (D:1)
  An adder zombie (D:5)
  2 worms (D:2)
  6 leopard geckos
  28 orcs
  5 giant cockroaches
  6 goblins
  8 hobgoblins
  12 jackals
  9 kobolds
  4 quokkas
  2 ball pythons
  6 bats
  7 frilled lizards
  A leopard gecko skeleton (D:7)
  A quokka zombie (D:7)
  6 rats
203 creatures vanquished.

Vanquished Creatures (others)
  An orc (D:9)
1 creature vanquished.

Grand Total: 204 creatures vanquished

Notes
Turn   | Place    | Note
-------+----------+-------------------------------------------
     0 | D:1      | DrKleor the Octopode Brigand began the quest for the Orb.
     0 | D:1      | Reached XP level 1. HP: 14/14 MP: 1/1
     6 | D:1      | Noticed a swamp drake
     6 | D:1      | Noticed a black mamba
     6 | D:1      | Noticed a hound
   121 | D:1      | Reached XP level 2. HP: 19/19 MP: 2/2
   660 | D:1      | Reached XP level 3. HP: 23/24 MP: 3/3
  1181 | D:2      | Reached skill level 6 in Stealth
  1224 | D:2      | Found a radiant altar of Vehumet.
  1277 | D:2      | Reached XP level 4. HP: 29/29 MP: 4/4
  1602 | D:2      | You fall into a shaft and drop 2 floors!
  1606 | D:4      | Found a snail-covered altar of Cheibriados.
  1614 | D:4      | Reached XP level 5. HP: 34/34 MP: 5/5
  1645 | D:3      | Found a runed translucent gate.
  1645 | D:3      | Found a runed translucent gate.
  1645 | D:3      | Found a runed translucent gate.
  1805 | D:3      | Found an iron altar of Okawaru.
  2184 | D:3      | Reached skill level 7 in Stealth
  2254 | D:3      | Reached XP level 6. HP: 32/39 MP: 6/6
  2486 | D:3      | Noticed brknglss's ghost (amateur DECj)
  3005 | D:4      | Noticed a phantom
  3014 | D:4      | Killed a phantom
  3091 | D:4      | Reached XP level 7. HP: 45/45 MP: 7/7
  3108 | D:4      | Reached skill level 8 in Stealth
  3545 | D:4      | Found Vischapp's Distillery.
  3549 | D:4      | Bought a potion of curing for 42 gold pieces
  3549 | D:4      | Bought a potion of heal wounds for 70 gold pieces
  3549 | D:4      | Bought a potion of heal wounds for 70 gold pieces
  3765 | D:5      | Entered Level 5 of the Dungeon
  3867 | D:5      | Found a glowing golden altar of the Shining One.
  3886 | D:5      | Noticed Pikel
  4439 | D:5      | Reached skill level 5 in Short Blades
  4485 | D:5      | Killed Pikel
  4485 | D:5      | Reached skill level 5 in Throwing
  4485 | D:5      | Reached skill level 9 in Stealth
  4485 | D:5      | Reached XP level 8. HP: 18/50 MP: 8/8
  4851 | D:5      | Found a staircase to the Ecumenical Temple.
  4865 | Temple   | Entered the Ecumenical Temple
  4953 | Temple   | Became a worshipper of Dithmenos the Shadowed
  5103 | D:6      | Found an opulent altar of Gozag.
  5974 | D:7      | Reached * piety under Dithmenos
  5980 | D:7      | Reached skill level 10 in Stealth
  6238 | D:7      | Reached XP level 9. HP: 12/54 MP: 9/9
  6501 | D:7      | Reached skill level 1 in Invocations
  6958 | D:8      | Found a hazy altar of Hepliaklqana.
  6976 | D:8      | Reached skill level 11 in Stealth
  7449 | D:8      | Noticed a troll
  7465 | D:8      | Reached ** piety under Dithmenos
  7501 | D:8      | Noticed Joseph
  7706 | D:9      | Found a stormy altar of Qazlal.
  8039 | D:9      | Found Fiputh's General Store.
  8230 | D:10     | Entered Level 10 of the Dungeon
  8347 | D:10     | Noticed a troll
  8370 | D:10     | Killed a troll
  8370 | D:10     | Reached skill level 12 in Stealth
  8434 | D:10     | Reached XP level 10. HP: 52/60 MP: 13/13
  8466 | D:10     | Reached skill level 5 in Invocations
  8702 | D:10     | Reached *** piety under Dithmenos
  8859 | D:10     | Found a staircase to the Orcish Mines.
  9059 | D:10     | Slain by a hippogriff

Illustrated notes

Levels and vault maps discovered:
D:1:      onia_arrival_zoo_common, layout_basic, hex_large, minmay_domino_4
D:2:      layout_rooms, nicolae_overflow_crystal_walls, minmay_stone_trees_small
D:3:      layout_loops_ring, okawaru_trees_2, gammafunk_ghost_icy
D:4:      layout_loops_ring, cheibriados_altar_1, serial_shops, shop_fountains
D:5:      layout_rooms, lemuel_crystal_altar, minmay_temple_entry_statues,
          uniq_pikel
D:6:      layout_loops_ring, grunt_gozag_breadcrumbs, grunt_decor_mini_mirrors
D:7:      layout_loops_corners
D:8:      layout_basic, basic_altar, serial_bayou_pond_a, uniq_joseph
D:9:      layout_rooms, kennysheep_little_box, serial_shops,
          nicolae_shop_competitors_out_of_business
D:10:     layout_cave_pools, orc_0_dummy, gammafunk_ghost_necromancy,
          grunt_ministairs_7
Temple:   regret_index_temple_sphere_string

Skill      XL: |  1  2  3  4  5  6  7  8  9 10 |
---------------+-------------------------------+-----
Stealth        | 6 7 9 10 12 | 12.8
Short Blades   | 3 4 5 6 8 |  8.9
Throwing       | 3 4 5 6 |  6.6
Invocations    | 4 6 |  6.1
Fighting       | |  2.0
Dodging        | |  1.0

Action                   |  1- 3 |  4- 6 |  7- 9 | 10-12 || total
-------------------------+-------+-------+-------+-------++-------
Melee: Dagger            |    46 |   130 |   310 |       ||   486
       Constrict         |     8 |    35 |    54 |    13 ||   110
       Tentacles         |     5 |    31 |    76 |    25 ||   137
       Short sword       |       |       |    15 |    86 ||   101
Throw: Dart              |       |       |    32 |     6 ||    38
  Use: Potion            |       |       |     4 |       ||     4
 Stab: Sleeping          |    15 |    16 |    20 |     3 ||    54
Armor: Skin              |     4 |     4 |     8 |     1 ||    17
Dodge: Dodged            |    13 |    59 |   174 |    46 ||   292

Table legend:
 A = Non-vault XP
 B = Vault XP
 C = Vault XP percentage of total XP
 D = Non-vault monster count
 E = Vault monster count
 F = Vault count percentage of total count
                 A         B        C        D         E       F
            +---------+---------+-------+---------+---------+-------
      Total |    5688 |     697 |  10.9 |     192 |      10 |   5.0
            +---------+---------+-------+---------+---------+-------
        D:1 |      54 |       4 |   6.9 |      24 |       3 |  11.1
        D:2 |      94 |       0 |   0.0 |      25 |       0 |   0.0
        D:3 |     212 |       0 |   0.0 |      23 |       0 |   0.0
        D:4 |     373 |       0 |   0.0 |      20 |       0 |   0.0
        D:5 |     199 |     593 |  74.9 |       8 |       1 |  11.1
        D:6 |     152 |       0 |   0.0 |      11 |       0 |   0.0
        D:7 |     843 |       0 |   0.0 |      21 |       0 |   0.0
        D:8 |     907 |       0 |   0.0 |      22 |       0 |   0.0
        D:9 |     967 |      52 |   5.1 |      14 |       3 |  17.6
       D:10 |    1887 |      48 |   2.5 |      24 |       3 |  11.1
            +---------+---------+-------+---------+---------+-------
